 Dungeon Crawl Stone Soup version 0.28.0-49-g6dfe1f597d (webtiles) character file.

Game seed: 4773360359731423470

73 pkoi the Insei (level 3, 0/29 HPs)
             Began as a Demigod Gladiator on May 13, 2022.
             Killed by nerve-wracking pain
             ... invoked by a shadow imp
             ... summoned by Natasha
              (11 damage)
             ... on level 1 of the Dungeon.
             The game lasted 00:01:16 (1842 turns).

pkoi the Insei (Demigod Gladiator)                  Turns: 1842, Time: 00:01:16

Health: 0/29       AC:  6    Str: 15    XL:     3   Next: 83%
Magic:  5/5        EV: 11    Int: 14    God:
Gold:   77         SH:  0    Dex: 15    Spells: 2/2 levels left

rFire   + . .      SeeInvis .     - Unarmed
rCold   + . .      Faith    .   (no shield)
rNeg    . . .      Spirit   .   e - +0 ring mail
rPois   .          Reflect  .   b - +0 helmet
rElec   .          Harm     .   f - scarf {rC+ rF+}
rCorr   .          Rampage  .   (no gloves)
Will    .....                   (no boots)
Stlth   +.........              (no amulet)
HPRegen 0.09/turn               (no ring)
MPRegen 0.09/turn               (no ring)

@: no status effects
A: high MP 1, forlorn, divine attributes
a: no special abilities


You were on level 1 of the Dungeon.
You visited 1 branch of the dungeon, and saw 2 of its levels.

You collected 77 gold pieces.

Inventory:

Hand Weapons
 d - a +0 whip
Missiles
 c - 3 throwing nets (quivered)
Armour
 a - a +0 leather armour
 b - a +0 helmet (worn)
 e - a +0 ring mail (worn)
 f - a scarf of resistance (worn)


   Skills:
 - Level 1.7 Fighting
 - Level 1.7 Throwing
 - Level 2.6 Dodging
 + Level 4.5 Unarmed Combat


You had 2 spell levels left.
You didn't know any spells.
Your spell library was empty.

Dungeon Overview and Level Annotations

Branches:
Dungeon (2/15)

Annotations:
D:1 Natasha


Innate Abilities, Weirdness & Mutations

You have an increased reservoir of magic. (+10% MP)
You shall have no god before yourself.
Your divine heritage dramatically boosts your attributes as you level up.


Message History

The kobold hits you but does no damage. Natasha claws you!
* * * LOW HITPOINT WARNING * * *
The ball python barely misses you. The ball python grabs you.
The ball python constricts you.
You escape the ball python's grasp.
Natasha barely misses you.
You see here a rat corpse.
You punch the kobold!
You kill the kobold!
Natasha casts a spell at you.
The magic dart hits you but does no damage.
The white imp sputters.
You closely miss the ball python.
Natasha growls.
Natasha casts a spell.
The ball python bites you but does no damage.
The ball python grabs you. The ball python constricts you.
You hit the ball python.
The ball python is severely wounded.
The ball python bites you.
* * * LOW HITPOINT WARNING * * *
The ball python constricts you.
* * * LOW HITPOINT WARNING * * *
You hit the ball python but do no damage.
The ball python is severely wounded.
The ball python closely misses you. The ball python constricts you.
Natasha casts a spell.
You hit the ball python.
You kill the ball python!
The crimson imp blinks!
The shadow imp shouts, "Scamper hence, thou clouted toad-spotted vulture!"
The shadow imp hits you.
* * * LOW HITPOINT WARNING * * *
The white imp picks up a beetle and eats it.
The crimson imp shouts, "Face thy fugue, thou pecksniffian fool-headed nert!"
The crimson imp shouts, "Scamper home, thou rank wibble-sucking nobody!"
The crimson imp blinks!
The crimson imp hits you but does no damage.
The shadow imp gestures at you. Pain shoots through your body!
You die...

#.#.#.############.)....#..
#.................÷.....#.#
#..########.####........#.#
#..### #.# #..#..####.#
#.>..# #.####..#..# #..
##)#.# #..........######
#.#.###########...........
#.....55..#####.###.######
###.§.h5.@..........#
###################


You could see Natasha, a crimson imp (summoned), a white imp (summoned) and a
shadow imp (summoned).

Vanquished Creatures
  Natasha (twice) (D:2)
  A dart slug (D:1)
  2 bats (D:1)
  An endoplasm (D:2)
  A goblin (D:1)
  5 hobgoblins
  A quokka (D:1)
  2 ball pythons
  2 frilled lizards (D:1)
  3 kobolds (D:1)
  4 rats (D:1)
24 creatures vanquished.

Notes
Turn   | Place    | Note
-------+----------+-------------------------------------------
     0 | D:1      | pkoi the Demigod Gladiator began the quest for the Orb.
     0 | D:1      | Reached XP level 1. HP: 17/17 MP: 3/3
   405 | D:1      | Reached skill level 3 in Unarmed Combat
   450 | D:1      | Reached XP level 2. HP: 24/24 MP: 4/4
  1042 | D:2      | Noticed Natasha
  1054 | D:2      | Killed Natasha
  1055 | D:2      | Reached skill level 4 in Unarmed Combat
  1055 | D:2      | Reached XP level 3. HP: 14/29 MP: 5/5
  1065 | D:2      | Noticed Natasha
  1073 | D:2      | Killed Natasha
  1344 | D:2      | Noticed Natasha
  1842 | D:1      | Killed from afar by a shadow imp

Illustrated notes

Levels and vault maps discovered:
D:1:      dpeg_arrival_renting, layout_loops_ring
D:2:      layout_rooms, serial_corexii_hall, corexii_hall_statues_i,
          chequers_hall_statues_corner_a, corexii_hall_statues_l,
          corexii_hall_statues_x, basic_altar, minmay_heptomino_w4, uniq_natasha

Skill      XL: |  1  2 |
---------------+-------+-----
Unarmed Combat | 3 4 |  4.5
Fighting       | |  1.7
Throwing       | |  1.7
Dodging        | |  2.6

Action                   || total
-------------------------++-------
Melee: Unarmed           ||    87
       Punch             ||     2
Armor: Ring mail         ||    32
       Leather armour    ||     1
Dodge: Dodged            ||    64
